[Event "44th Chess Olympiad Open 2022"]
[Site "Chennai"]
[Date "2022.08.06"]
[Round "8.25"]
[White "Horvath, Dominik"]
[Black "Kanyamarala, Tarun"]
[Result "0-1"]
[WhiteElo "2488"]
[BlackElo "2379"]
[Annotator "TA"]
[PlyCount "62"]
[EventDate "2022.??.??"]
[TimeControl "60"]

1. Nf3 d5 2. g3 Nf6 3. Bg2 e6 4. d4 c5 5. c4 dxc4 6. O-O Nc6 7. Qa4 Bd7 8. Qxc4 b5 9. Qc3 {[%emt 0:00:05] E04: Open Catalan: 5 Nf3.} b4 10.
Qd3 Rc8 11. dxc5 {[%emt 0:07:31] White has
an edge.} Bxc5 12. Nbd2 {[%emt 0:00:24] is currently scoring
better than 12.Be3.} O-O 13. Nb3 Be7 14. Be3 {[%emt 0:22:48] [#]} Qc7 $146 ({
Predecessor:} 14... Nd5 15. Bc5 Bxc5 16. Nxc5 Nce7 17. Rac1 Bc6 18. Nd4 Qa5 19.
Qd2 Ba8 20. Ndb3 Qb5 {1-0 (49) Esipenko,A (2636)-Lu,S (2611) Moscow 2019}) 15.
Rac1 Qb8 16. Nc5 Be8 17. Na6 Qb7 18. Nc5 (18. Nd4 $16) 18... Qb8 $1 $14 19. Qa6 Nd5 {[%emt 0:04:58] Prevents Bf4.} 20. Bg5 Nd4 21. Nxd4 ({White should try} 21. Bxe7 $16 Nxf3+ 22. Bxf3
Nxe7 23. Nb7) 21... Bxg5 $11 22. Bxd5 (22. e3
$1 $11) 22... Bxc1 $17 23. Rxc1 {[%emt 0:04:38] Threatens to
win with Bb7.} exd5 24. Nf5 (24. Kg2 $142)
24... Bb5 25. Qd6 (25. Ne7+ $17 Kh8 26. Qa5)
25... Qxd6 $19 (25... Bxe2 26. Ne7+ Kh8 27. Nxc8 Rxc8 28. Qxd5
$11) 26. Nxd6 {[%emt 0:00:03] [#] Pair of Knights!} Rc6 $1 27.
Nf5 (27. Nxb5 Rfc8) 27... Rc7 {[%emt 0:00:27] Inhibits Ne7+.}
28. a3 (28. Nb3 {was called for.} Rxc1+ 29. Nxc1) 28... bxa3 {
[%emt 0:01:27] Black is clearly winning.} 29. b4 (29. bxa3
$142 Rfc8 30. Rb1 Bxe2 31. Nd4) 29... a5 30. Nd6 Bxe2 31. bxa5 Rb8 {[%emt 0:01:51]
Weighted Error Value: White=0.70/Black=0.05 (flawless)} 0-1

[Event "44th Chess Olympiad Open 2022"]
[Site "Chennai"]
[Date "2022.08.06"]
[Round "8.25"]
[White "O`Gorman, Tom"]
[Black "Shengelia, David"]
[Result "1-0"]
[WhiteElo "2401"]
[BlackElo "2462"]
[Annotator "TA"]
[PlyCount "59"]
[EventDate "2022.??.??"]
[TimeControl "60"]

1. d4 Nf6 2. c4 e6 3. Nc3 Bb4 4. f3 d5 5. a3 Be7 6. e4 dxc4 {
[%emt 0:00:31][%cal Yb7b5] E20: Nimzo-Indian: 4 g3 and 4 f3.} 7. Be3 a6 8. Bxc4 b5 {[%emt 0:00:07] White
is slightly better.} 9. Ba2 Bb7 {[%emt 0:19:03] [#]} 10. Nge2
$146 ({Predecessor:} 10. Qe2 O-O 11. Nh3 b4 12. axb4 Bxb4 13.
O-O c6 14. Rfd1 a5 15. Nf4 Re8 16. Qf2 {1-0 (34) Berchtold,C (2057)-Allacher,E
(2111) Jenbach 2009}) 10... Nbd7 11. e5 Nd5 12. Nxd5 Bxd5 13. Bxd5 exd5 14. O-O Nb6 15. f4 $1 {[%emt 0:15:03][%cal Yf3f4,Yf4f5] White is more active.} f5 16. g4 $1 fxg4 {[%emt 0:14:35] [#]} 17. f5 $1
{[%emt 0:02:55] aiming for Nf4.} Bg5 {[%emt 0:08:42] [#]} (17... O-O $16 {
might work better.}) 18. Nf4 $1 $18 h5 19.
Qe2 {[%emt 0:04:16] Ne6 is the strong threat.} Bxf4 20. Bxf4 {
[%emt 0:00:13] Strongly threatening Qc2.} O-O 21. Qd3 Qd7 22. Bg3 Rac8 23. Rae1 c5 $2 (23... Rce8 24. Bh4 b4
25. axb4 Qb5) 24. dxc5 Rxc5 25. e6 Qe7 26. f6 gxf6 {
[%emt 0:00:19] [#]} 27. Bd6 $1 Qxd6 (27...
Nc8 28. Bxe7) 28. Qg6+ {[%emt 0:00:07] White mates.} Kh8 29.
e7 Rcc8 30. Rf5 {[%emt 0:00:00] Black did
not feel at home in the position after the opening. Weighted Error Value:
White=0.05 (flawless) /Black=0.80} 1-0

[Event "44th Chess Olympiad Open 2022"]
[Site "Chennai"]
[Date "2022.08.06"]
[Round "8.25"]
[White "Baburin, Alexander"]
[Black "Ragger, Markus"]
[Result "1/2-1/2"]
[WhiteElo "2400"]
[BlackElo "2647"]
[Annotator "TA"]
[PlyCount "61"]
[EventDate "2022.??.??"]
[TimeControl "60"]

1. d4 Nf6 2. c4 g6 3. Nf3 Bg7 4. g3 d5 5. cxd5 Nxd5 6. Bg2 Nb6 7. O-O Nc6 8. e3 O-O 9. Nc3 Re8 10. d5 Na5 11. Nd4 Bd7 12. b3 {[%emt 0:06:56] The
position is equal.} c6 {[%emt 0:00:35] D76: Fianchetto Grünfeld: Main Line
with 7...Nb6.} 13. dxc6 Nxc6 14. Nxc6 Bxc6 15. Bxc6 bxc6 16. Bb2 c5 17. Qe2 c4 18. bxc4 Qc8 19. Nd5 Bxb2 $1 20. Nxb6 axb6 21. Qxb2 Qxc4 {[%emt 0:12:45] [#]} (21... Qe6
{feels hotter.} 22. Rfd1 Qxc4 23. Rd4 Qc6) 22. Qxb6 $146 ({
Predecessor:} 22. Rfc1) 22... Rxa2 (22... Reb8 $5 23. Qd4 Qxd4
24. exd4 Ra3 $11) 23. Rxa2 Qxa2 $11 {[%emt 0:00:00] Endgame
KQR-KQR} 24. Qb7 Qa8 25. Qxa8 Rxa8 {[%emt 0:00:00] KR-KR} 26. h4 h5 27.
Kg2 Kg7 28. Kf3 Ra2 29. Rb1 Kf6 30. Rb6+ e6 31. Ke4 {[%emt 0:00:00] Weighted Error
Value: White=0.01 (flawless) /Black=0.02 (flawless)} (31. Rb4 $11 {keeps the
balance.}) 1/2-1/2

[Event "44th Chess Olympiad Open 2022"]
[Site "Chennai"]
[Date "2022.08.06"]
[Round "8.26"]
[White "Mchedlishvili, Mikheil"]
[Black "Rohl Montes, Juan Armando"]
[Result "1-0"]
[WhiteElo "2593"]
[BlackElo "2382"]
[Annotator "TA"]
[PlyCount "94"]
[EventDate "2022.??.??"]
[TimeControl "60"]

1. c4 e5 2. Nc3 d6 3. Nf3 f5 4. g3 Nf6 5. d4 e4 6. Nh4 {[%emt 0:00:
00][%cal Yf3h4,Yh4g2,Yg2f4] A21: English Opening: 1...e5 2 Nc3.} c6 7. Bg5 Be7 8. e3 {[%emt 0:00:00] The
position is equal.} O-O 9. Ng2 Na6 10. Nf4 Nc7 11. h4 Ne6 {[%emt 0:02:41] [#]} 12. Qb3 $146 ({Predecessor:} 12. Nxe6 Bxe6 13. Be2 h6 14. Bxf6 Bxf6 15. h5 c5
16. dxc5 Bxc3+ 17. bxc3 dxc5 18. Qb3 {½-½ (36) Wojtaszek,R (2749)-Agrest,E 
(2593) Tallinn 2016}) 12... Qb6 {[%emt 0:06:55] Prevents c5.} 13. Be2 Nxf4 14. Bxf4 Be6 15. O-O h6 16. Na4 (16. Rfb1
$11) 16... Qxb3 $15 17. axb3 Nd7 (17... Ng4 $5 18. Bxg4 fxg4 $11) 18. h5 $1 Nf6 19. Kg2 Bf7 20. Rh1 b5 21. Nc3 bxc4 (
21... b4 $5 22. Nb1 a5 $15) 22. bxc4 Rfb8 (22... a5 $1 $11) 23. c5 $1 $14 Ne8 24. Na4 Rb4 $1 25. cxd6 Bxd6 26. Bxd6 Nxd6 27. Rhc1 Bd5 28. Bd1 Nc4 (28... a5 $14) 29. b3 $1 $16 Nd2 30. Nc5 Bxb3 (30... a5 $16 {was called for.}) 31.
Nxb3 $18 Nxb3 32. Rcb1 Rab8 33. Bxb3+ Rxb3 34. Rxb3 Rxb3 35. Rxa7 {[%emt 0:02:31] Endgame KR-KR} Rb5 {[%emt 0:00:00]
Inhibits Ra5.} (35... Rb8 $16 36. Rc7 Rb1 37. Rxc6 Kf7) 36. Rc7 Rb6 37. Re7 {[%emt 0:00:58] Re5 is the strong threat.} Kf8 {[%emt 0:03:07]
[#]} 38. Re5 Rb5 {[%emt 0:00:00] Strongly threatening ...Rxe5.
} 39. Re6 Rb6 (39... Kf7 $16 {keeps fighting.
} 40. Rxc6 Rb1) 40. d5 $1 Rb5 41. dxc6 Rc5 {[%emt 0:29:09] [#]} 42. Rd6 $2 (42. Kh3
$1 $18 {is the precise move to win.}) 42... Ke7 $16 43. Rd7+ Kf6 44. c7 {[%emt 0:17:24][%cal Yg3g4] And
now g4! would win. White is more active.} g5 45. g4 fxg4 46. Kg3 Kf5 {[%emt 0:00:00] [#]}
(46... Ke6 $16 47. Rh7 Kf5) 47. Rd5+ $3 Ke6 {[%emt 0:00:00]
Weighted Error Value: White=0.14 (very precise) /Black=0.26 (precise)} (47...
Rxd5 48. c8=Q+) 1-0

[Event "44th Chess Olympiad Open 2022"]
[Site "Chennai"]
[Date "2022.08.06"]
[Round "8.26"]
[White "Pantsulaia, Levan"]
[Black "Castro Torres, Jose Luis"]
[Result "1-0"]
[WhiteElo "2581"]
[BlackElo "2326"]
[Annotator "TA"]
[PlyCount "87"]
[EventDate "2022.??.??"]
[TimeControl "60"]

1. Nf3 Nf6 2. g3 g6 3. b3 Bg7 4. Bb2 O-O 5. Bg2 d5 6. c4 Nc6 {[%emt 0:00:16] A05: Réti Opening: 1 Nf3 Nf6.} 7. O-O d4 8. b4 e5 {[%emt 0:00:00]
The position is equal.} 9. b5 Na5 10. d3 Re8 11. Nbd2 {[%emt 0:04:35] [#]} c5 $146 ({Predecessor:} 11... c6 12. a4 c5 13. Ng5 Qe7 14. Nde4 Nxe4
15. Nxe4 f5 16. Nd2 Be6 17. Nb3 Nxb3 18. Qxb3 {½-½ (24) Nagel,H (2103)
-Packroff,H (2223) ICCF email 2014}) 12. bxc6 Nxc6 13. Nb3 Qc7 14. Ba3 b6 15. Nbd2 h6 16. Ne1 Bb7 17. Qa4 Na5 18. Bxb7 Nxb7 19. f3 Nd7 20. Rb1 f5 21. Nc2 Nbc5 22. Bxc5 Nxc5 23. Qb5 Qd6 24. Nb3 a6 25. Qb4 Re6 26. Nxc5 bxc5 27. Qb7 Rae8 28. a4 R8e7 29. Qb8+ Kh7 30. Qxd6 Rxd6 31. Na1 e4 (31... Rde6 $14) 32. fxe4 $16 fxe4 33. Nb3 Rc6 {[%emt 0:02:08] [#]}
34. Nd2 $1 exd3 35. exd3 h5
{[%emt 0:00:39] This costs Black the game.} (35... Re3 $16) 36. Ne4 $18 Bh6 37. Rf6 Be3+ 38. Kg2 Rxf6 39. Nxf6+ {[%emt 0:00:06]
KRB-KRN} Kg7 40. Ne4 Rc7 (
40... Bd2 $142 41. Nxc5 Re2+ 42. Kf3 Re3+ 43. Kf2 Bc3 44. Nxa6 Rxd3) 41. Rb6 g5 42. a5 ({Weaker is} 42.
Rxa6 Rb7 $18) 42... Rf7 $2 {[%emt 0:15:52] [#]} (42... Ra7 43. Nxc5 Bd2) 43.
Rxa6 g4 44. Rb6 {[%emt 0:00:00] Weighted
Error Value: White=0.10 (very precise) /Black=0.22 (precise)} 1-0

[Event "44th Chess Olympiad Open 2022"]
[Site "Chennai"]
[Date "2022.08.06"]
[Round "8.26"]
[White "Palomo, Franklin Annervys"]
[Black "Paichadze, Luka"]
[Result "0-1"]
[WhiteElo "2324"]
[BlackElo "2561"]
[Annotator "TA"]
[PlyCount "78"]
[EventDate "2022.??.??"]
[TimeControl "60"]

1. d4 Nf6 2. Nf3 e6 3. c4 b6 4. g3 Bb7 5. Bg2 Bb4+ 6. Bd2 a5 7. O-O O-O 8. a3 Bxd2 9. Qxd2 d6 10. Nc3 {[%emt 0:00:43] E16: Queen's
Indian: 4 g3 Bb7 5 Bg2 Bb4+.} Ne4 11. Qc2 Nxc3 12. Qxc3 {[%emt 0:00:32] The position is equal.} Nd7 {
[%emt 0:02:21] [#]} 13. Rfe1 $146 ({Predecessor:} 13. Nd2 Bxg2
14. Kxg2 a4 15. e4 e5 16. d5 Nc5 17. Rae1 Qg5 18. Kh1 Rae8 19. f4 exf4 20. gxf4
{0-1 (27) Begmuratov,K (1971)-Zhigalko,S (2572) Chess.com INT 2020}) 13... Nf6 14. Nd2 Bxg2 15. Kxg2 Qe7 16. e4 e5 17. Nf3 Rfe8 18. d5 a4 19. Re2 Nd7 20. Ne1 Qg5 21. Qe3 Qg6 22.
Nf3 Nc5 23. Nh4 Qf6 24. Rf1 b5 25.
cxb5 Rab8 $1 26. Rc1 Rxb5 27. Rc4 Reb8 28. Qc3 Rb3 29. Qc2 (29. Qa5
$142) 29... g6 {[%emt 0:02:15] Black is more active.} ({Worse is} 29... Rxb2
30. Qxb2 Rxb2 31. Rxb2 $15) 30. Rc3 $2 {[%emt 0:01:16] Inhibits Nd3.} (30. Qd2
$17 {was necessary.}) 30... Rxc3 $2 (30... Rxb2 $19 {and
Black stays clearly on top.} 31. Qxb2 Rxb2 32. Rxb2 Nxe4 33. Rxc7 Nc5) 31. Qxc3
$17 Rb3 32. Qc4 (32. Qa5 $15
) 32... Kg7 33. h3 h6 (33...
Qg5 $17 34. Kh2 Qd8) 34. Qc2 (34. Rc2 $15) 34... Nd3 $1 $19 35. Qxc7 {[%emt 0:01:37] [#]} Qg5 $1 {[%emt 0:08:46] aiming
for ...Nf4+.} ({And not} 35... Nxb2 36. Qd7 $15) ({Inferior is} 35... Nf4+ 36.
gxf4 Qxh4 37. Re3 $17) 36. Kf1 Nxb2 {[%emt 0:00:16] Hoping
for ...Nd3.} 37. Qxd6 $2 (37. Qc8) 37... Nc4 38. Qc7 Qc1+ 39. Kg2 {
[%emt 0:00:20] [#]} Ne3+ $1 {[%emt 0:00:09] Weighted Error Value: White=0.69/
Black=0.17 (very precise)} 0-1

[Event "44th Chess Olympiad Open 2022"]
[Site "Chennai"]
[Date "2022.08.06"]
[Round "8.26"]
[White "Escalona Landi, Samid Eduardo"]
[Black "Gelashvili, Tamaz"]
[Result "0-1"]
[WhiteElo "2191"]
[BlackElo "2549"]
[Annotator "TA"]
[PlyCount "136"]
[EventDate "2022.??.??"]
[TimeControl "60"]

1. Nf3 c5 2. c4 Nc6 3. g3 g6 4. Bg2 Bg7 5. Nc3 Nh6 6. a3 a5 7. d3 Nf5 8. O-O O-O 9. Bd2 d6 10. Rb1 Bd7 11. Ne1 {[%emt 0:00:35] A37: Symmetrical English vs ...g6:4 Bg2 Bg7 5 Nf3.
} Rb8 12. Nc2 Nfd4 13. Nxd4
{[%emt 0:00:40] The position is equal.} cxd4 14. Nb5 Qc8 15. b4 axb4 16.
axb4 Bh3 {[%emt 0:00:11] [#]} 17. Ra1 $146 ({
Predecessor:} 17. Na3 Ne5 18. Qb3 h5 19. Rfc1 b6 20. Bd5 h4 21. Qd1 Qf5 22. Bg2
Bxg2 23. Kxg2 {0-1 (46) Valdes Romero,L (2338)-Chatalbashev,B (2499) Saint
Vincent 2001}) 17... Bxg2 18. Kxg2 Qd7 19. Qb3 h5 20. Na3 h4 21. b5 h3+ 22. Kg1 Nd8 23. Nc2 Ne6 24. Nb4 Nc5 25. Qc2 e6 26. Ra7 Qd8 27. Rfa1 f5 28. f3 g5 29. Rf1 g4 30. f4 Re8 31.
Raa1 (31. Rfa1 $11) 31... Rc8 $15 32. Qa2 Qd7 33. Rf2 (33. Rfb1 $15)
33... Bf6 (33... Kh7 $17) 34. Bc1 (34. Rff1
$15) 34... Kh7 35. Bd2 Kg6 36. Rff1 Qg7 (36... d5 $142
$1 {[%cal Rd5c4] Threatens to win with ...dxc4.} 37. cxd5 exd5) 37. Be1 (37. Rfc1 $142) 37... Bd8 {[%emt 0:00:00] Black is more active.
} (37... Qe7 $1 $17 38. Bf2 d5 39. cxd5 e5 40. fxe5 Qxe5) 38.
Bf2 Bb6 39. Qb2 Nd7 40. Rfe1 ({Better is} 40. Rae1 $15) 40... Bc5
$17 41. Nc2 e5 42. e3 (42. fxe5 $17 dxe5 43. Rf1) 42... dxe3 $19 43.
Bxe3 exf4 44. Qxg7+ Kxg7 45. gxf4 Kg6 46. Kf2 (46. Bf2 $17 {was called for.}) 46... Bxe3+ 47. Rxe3 Nc5 48. Nd4 (48.
Rxe8 $17 {might work better.} Rxe8 49. Nb4) 48... Ra8 49. Rxe8 Rxe8 {[%emt 0:05:07] Endgame KRN-KRN} 50. Ra3 Kf6 51. Ne2 {[%emt 0:01:48] [#]} d5 $1 52.
cxd5 Rd8 53. Ke3 Rxd5 54. Rc3 Ne6 55. Rb3 Rc5 {[%emt 0:00:00] And now ...Rc2 would win.} 56. Rb2 {[%emt 0:00:00]
Inhibits Rc2.} (56. Kd2 {was necessary.}) 56... b6 57. d4 Rc4 58. Kd3 Ra4 59. Rc2 Ra3+ ({Not} 59... g3 60. hxg3
Ra1 61. Nc3 $11) 60. Rc3 (60. Kd2 {was the only defense.} Rb3
61. Rc8) 60... Rxc3+ 61. Kxc3 {[%emt 0:00:00] KN-KN} Nc7 62. Kc4 Ke7 63. d5 {[%emt 0:
00:00] [#]} Ne8 $1 {[%emt 0:01:26] aiming for ...Nd6+.} 64. Ng3 (64. Kd4 $142 Kf6 65. Ng3) 64... Nd6+ {[%emt 0:00:00] Black is clearly
winning.} 65. Kb4 Kd7 66. Kb3 Ne4 {[%emt 0:00:00] ( -> ...Nxg3)} 67. Nf1 g3 68. hxg3 {[%emt 0:00:00] [#]} Nd2+ $1 {[%emt 0:00:00] Promotion. Weighted
Error Value: White=0.28 (precise) /Black=0.09 (flawless)} 0-1

[Event "44th Chess Olympiad Open 2022"]
[Site "Chennai"]
[Date "2022.08.06"]
[Round "8.27"]
[White "Grandelius, Nils"]
[Black "Bwalya, Gillan"]
[Result "1-0"]
[WhiteElo "2655"]
[BlackElo "2396"]
[Annotator "TA"]
[PlyCount "100"]
[EventDate "2022.??.??"]
[TimeControl "60"]

1. d4 Nf6 2. c4 e6 3. g3 d5 4. Bg2 dxc4 5. Nf3 Be7 6. Qa4+ {[%emt 0:03:42] E05:
Open Catalan: 5 Nf3 Be7.} c6 7. Qxc4 b5 8. Qd3 {[%emt 0:05:40] White is slightly better.} Nbd7 9. Be3 O-O 10. O-O Nd5 {[%emt 0:18:49] [#]} 11. Nc3 $146 ({Predecessor:} 
11. Nbd2 c5 12. dxc5 Nxe3 13. fxe3 Nxc5 14. Qxd8 Rxd8 15. Ne5 Bb7 16. Bxb7 Nxb7
17. Rxf7 {½-½ (62) Nozicka,V (2108)-Chalyi,Y (2099) ICCF email 2020}) 11...
a5 12. Rac1 Ba6 13. Ne4 h6 {[%emt 0:10:04] Inhibits Neg5.} (13... b4 $5 14. Qd2 Bb5 $11) 14. Ne5 ({Wrong is} 14. Rxc6 $2 Nb4 15. Rxa6
(15. Qc3 $2 Bb7 $19) 15... Nxd3 16. Rxa8 Qxa8 $19) 14... Nxe5 15. dxe5 b4 16. Qd2 Qc7 17. Nd6 Qd7 (17... Bxd6 18.
exd6 Qd7 19. Bc5 $16) (17... f6 $11) 18. Bc5 $16 f6 19. Ne4 {[%emt 0:01:16] White is more active.} (19. f4 $16) 19... fxe5
$14 20. Bxe7 Qxe7 21. Rxc6 (21. Nc5 $1 $14) 21... Rfd8 $11 22. Qc2 Rac8 23. Rxc8 Rxc8 24. Qd2 Rd8 25.
Bf3 Nb6 26. Qc2 Rc8 {
[%emt 0:01:06] Against Qc6} 27. Qb1 Bb7 {[%emt 0:04:12] [#]}
28. Qd3 (28. Nd6 $1 $16 Qxd6 29. Bxb7) 28... Bd5 29. Qa6 Rb8 30. Qxa5 Nc4 31. Qc5 Qd7
{[%emt 0:02:23] White must now prevent ...Rb5.} 32. b3 Rb5 {[%emt 0:00:55] [#]} 33. bxc4 $1 Rxc5 34. Nxc5 Qd6 {[%emt 0:00:00] Hoping for
...Bxf3.} 35. cxd5 Qxc5 36. dxe6 {[%emt 0:00:
21] Endgame Threatens to win with Rd1. KQ-KRB} Qc4 (36... Qd6
$11 {remains equal.}) 37. Rd1 $16 ({Of course not} 37. e7 Kf7
38. Rb1 Kxe7 $15) 37... Kf8 38. Bd5 $1 Qxe2 39. Bb3 {[%emt 0:00:04] And now Rd8+ would win.} g5 $2 (39... Ke8 $14) 40. h3 $2 ({White has to play
} 40. Rd8+ $18 Ke7 41. Rd7+ Kf6 42. Rf7+ Kg6 43. e7 Qd1+ 44. Bxd1 Kxf7 45. Kg2)
40... e4 $2 (40... Ke8 $14) 41. Rd8+ $18 Kg7
{[%emt 0:01:51] [#]} 42. Rd7+ $1 ({Weaker is} 42. e7 e3 43.
e8=N+ Kf8 44. Nc7+ Kg7 45. Ne8+ Kf8 46. Nc7+ Kg7 47. Rd7+ Kh8 $16) 42... Kf6 {
[%emt 0:03:32] [#]} 43. Rf7+ $2 (43. e7 $1 $18 e3 44. e8=N+ Kf5 45. g4+ Ke4 46. Re7+ Kd4 47. Rxe3) 43... Kg6 $1 $11 44. Kg2 e3 45. Rf3 exf2 46. Rxf2 Qe4+ 47. Kh2 {
[%emt 0:00:22] Threatening mate with Bc2.} Qe3 48. Bc2+ Kh5 $2 (48... Kg7 $11 49. Rf7+ Kg8 50. Bh7+
Kh8) 49. Bd1+ Kg6 50. Bc2+ $2 (50. Re2 {mates} Qf3 51. e7 Qxe2+ 52. Bxe2 Kf7 53. Kg2 Kxe7 54. Kf3 h5 55. h4
g4+ 56. Ke4) 50... Kg7 {Weighted Error Value: White=0.45/Black=0.29 (precise) .
Sensor Board Error (Ke4/e5)?} 1-0

[Event "44th Chess Olympiad Open 2022"]
[Site "Chennai"]
[Date "2022.08.06"]
[Round "8.27"]
[White "Westerberg, Jonathan"]
[Black "Phiri, Richmond"]
[Result "1-0"]
[WhiteElo "2476"]
[BlackElo "2293"]
[Annotator "TA"]
[PlyCount "77"]
[EventDate "2022.??.??"]
[TimeControl "60"]

1. d4 Nf6 2. Nf3 e6 3. e3 c5 4. Bd3 b6 5. O-O Bb7 6. c4 Be7 7. Nc3 cxd4 8. exd4 d6 9. d5 e5 10. Ng5 {[%emt 0:00:00] 10.Nh4
is the modern continuation.} Nbd7 {[%emt 0:08:56] E14: Queen's Indian:
Classical Variation (4 e3).} 11. f4 g6 {[%emt 0:31:27] [#]} ({
Better is} 11... h6 $14) 12. Qf3 $146 ({Predecessor:} 12. Nf3
exf4 13. Bxf4 O-O 14. Qd2 Re8 15. Rae1 Nh5 16. Bh6 Ndf6 17. Ng5 b5 18. Qf2 bxc4
19. Bxc4 Bf8 20. Rxe8 Qxe8 21. Bxf8 Qxf8 22. Qd4 {½-½ (22) Dittmar, P (2330)
-Naiditsch,A (2530) Bad Woerishofen 2002}) 12... a6 {[%emt 0:14:14] White is
clearly better.} 13. a4 {[%emt 0:09:08] Prevents b5.} (13. f5 $18) 13... O-O (13... Bc8 $16) 14. Qh3 $18 exf4 15. Bxf4 (15. Rxf4 h5 $11) 15... h5 16.
Qg3 Ng4 17. Nce4 Nde5 (17... Bc8 {is a better defense.} 18. Be2 Nc5) 18. Be2 {
[%emt 0:01:30] And now Bxg4 would win.} Rc8 19. h3 Nf6 20. Bxe5 dxe5 (
20... Nxe4 $142 21. Nxe4 dxe5) 21. Qxe5 ({Weaker is} 21. Nxf7
Kxf7 22. Ng5+ (22. Qxe5 Kg7 $16) (22. Nxf6 Bxf6 23. Bd3 Ke7 $11) 22... Kg8 $16)
(21. Nxf6+ $18 Bxf6 22. Ne6 (22. Nxf7 Kxf7 23. Bd3 Ke7 $11) 22... fxe6 23.
Qxg6+ Kh8 24. Qxh5+ Kg8 25. Qg6+ (25. Bd3 Qc7 $14) 25... Bg7 26. Bg4 (26. Qxe6+
Kh8 $18)) 21... Nxe4 $16 22. Nxe4 {[%emt 0:00:00][%cal Ya1a3]
Hoping for Ra3!} f5 {[%emt 0:00:11] [#]} 23. Nf2 {[%emt 0:00:00] White is much
more active.} (23. Qe6+ $1 $16 Kg7 {[#]} 24. Bxh5 $1 gxh5 25. Ng3 (25. Rxf5
Rxf5 26. Qxf5 Rxc4 $11) 25... Rxc4 26. Nxf5+ Rxf5 27. Rxf5 Bc5+ 28. Kh1) 23...
Bd6 24. Qe3 $36 {[%emt 0:00:30] White has good play.} Re8 (24... Kh7 $11 {keeps the balance.}) 25. Qh6 Bh2+ $2 {[%emt 0:03:16] Loses the game.} (25... Rc7 $1 $14) 26. Kxh2 $18 Qd6+ 27. Kg1 Rxe2 28. Rae1 Rce8 29. Rxe2 {[%emt 0:00:
19] The board is on fire.} Rxe2 30. Nd3 {[%emt 0:00:05]
Threatens to win with Rxf5.} Qg3 (30... Bc8 $142 31. Nf4 Re7)
31. Nf4 Rxb2 32. Qxg6+ Qxg6 33. Nxg6 {[%emt 0:00:04] Endgame Strongly threatening Ne7+.
KRB-KRN} b5 $2 (33... Kf7 {is tougher.}) 34. axb5 {[%emt 0:00:
27] White is clearly winning.} axb5 35. c5 Kf7 36. Nf4 b4 37. c6 Ba6 38. Ra1 Bb5 39. Ra5 {[%emt 0:00:18] Weighted Error Value: White=0.45/
Black=0.64} 1-0

[Event "44th Chess Olympiad Open 2022"]
[Site "Chennai"]
[Date "2022.08.06"]
[Round "8.27"]
[White "Mwali, Chitumbo"]
[Black "Blomqvist, Erik"]
[Result "0-1"]
[WhiteElo "2320"]
[BlackElo "2521"]
[Annotator "TA"]
[PlyCount "42"]
[EventDate "2022.??.??"]
[TimeControl "60"]

1.
Nf3 d5 2. c4 d4 3. g3 Nc6 4. Bg2 e5 5. d3 Nf6 6. O-O a5 7. e3 {[%emt 0:04:37] A09: Réti Opening: 1 Nf3 d5 2
c4.} Bc5 8. exd4 Bxd4 ({
Don't take} 8... exd4 9. Re1+ Kf8 10. Bf4 $16) 9. Nxd4 {[%emt 0:02:25] The
position is equal.} Nxd4 10. Re1 O-O 11. Rxe5 ({White should try} 11. h3 $11) 11...
Bg4 $15 12. f3 {[%emt 0:04:48] [#]} (12. Qd2 $1 $15) 12...
Nxf3+ $1 $19 13. Bxf3 Qd4+ 14. Re3 {[%emt 0:00:18] [#] Na3 is the strong threat.} Rae8 $1 15. Nc3 {[%emt 0:28:58][%cal Yg1g2] aiming for Kg2!} Rxe3 16.
Bxe3 Qxe3+ 17. Kg2 {[%emt 0:00:02] [#]} Rd8
$1 18. Bxg4 {[%emt 0:04:01] Black
must now prevent Be2.} Rxd3 {[%emt 0:01:11] [#]} 19. Qe1 $146 ({Don't go for} 19. Qe2 $2 Rd2 20. Rd1 Rxe2+ 21. Bxe2 g6 $19) (19. Qf3 $142
Qd2+ 20. Qe2 Nxg4 21. Re1) ({Predecessor:} 19. Qf1 Nxg4 20. Re1 Rd2+ 21. Re2
Rxe2+ 22. Nxe2 Qe4+ 23. Kh3 Ne3 {0-1 (23) Gomes,M (2359)-Adhiban,B (2624) Pune
2014}) 19... Nxg4 20. Rc1 $2 (20. Qxe3 $19
Nxe3+ 21. Kf2 Nxc4 22. Rc1) 20... Rd2+ 21. Kh3 Nf2+ {[%emt 0:00:37] White did not feel at home in the position after the
opening. Weighted Error Value: White=0.62/ Black=0.01 (flawless)} 0-1